 Dungeon Crawl Stone Soup version 0.26-a0-712-ga5a9c9c9d0 (webtiles) character file.

Game seed: 11546962434641682877

197325 Peloso the Peltast (level 18, -60/176 HPs)
             Began as a Minotaur Fighter on Oct 31, 2020.
             Was the Champion of Okawaru.
             Killed from afar by a deep elf annihilator (93 damage)
             ... with a crystal spear
             ... on level 3 of the Elven Halls.
             The game lasted 01:47:33 (41578 turns).

Peloso the Peltast (Minotaur Fighter)              Turns: 41578, Time: 01:47:33

Health: -60/176    AC: 30    Str: 30    XL:     18   Next: 18%
Magic:  0/18       EV: 14    Int:  9    God:    Okawaru [******]
Gold:   3485       SH: 16    Dex: 12    Spells: 17/17 levels left

rFire    + . .     SeeInvis .   a - +5 double sword (holy)
rCold    . . .     Faith    .   c - +0 kite shield
rNeg     + . .     Spirit   +   z - +3 shadow dragon scales
rPois    .         Reflect  .   k - +2 hat of the Bear Spirit {Spirit, +Rage rN+ MR++}
rElec    .         Harm     .   p - +2 cloak {rCorr}
rCorr    +         Rampage  .   S - +2 pair of gloves {Str+3}
MR       ++++.                  H - +0 pair of boots {run}
Stlth    +++++.....             (no amulet)
HPRegen  0.39/turn              Y - ring of the Invisible Hand {+Inv rF+ Int+4 Stlth+}
MPRegen  0.16/turn              o - ring of protection from magic

@: quick
A: retaliatory headbutt, horns 2
a: Heroism, Finesse, Renounce Religion, Evoke Berserk Rage, Evoke Invisibility


You were on level 3 of the Elven Halls.
You worshipped Okawaru.
Okawaru was exalted by your worship.
You visited 5 branches of the dungeon, and saw 27 of its levels.

You collected 3840 gold pieces.
You spent 355 gold pieces at shops.

Inventory:

Hand Weapons
 a - a +5 double sword of holy wrath (weapon)
 b - a +0 scimitar of flaming
Armour
 c - a +0 kite shield (worn)
 i - +0 swamp dragon scales
 k - the +2 hat of the Bear Spirit (worn) {Spirit, +Rage rN+ MR++}
   (You found it on level 6 of the Lair of Beasts)

   It protects you from negative energy.
   It affects your resistance to hostile enchantments.
   It lets you go berserk.
 p - a +2 cloak of preservation (worn)
 z - +3 shadow dragon scales (worn)
 H - a +0 pair of boots of running (worn)
 S - a +2 pair of gloves of strength (worn)
Jewellery
 e - an uncursed ring of wizardry {unknown}
 o - a ring of protection from magic (right hand)
 B - an uncursed amulet of reflection
 Y - the ring of the Invisible Hand (left hand) {+Inv rF+ Int+4 Stlth+}
   (You found it on level 5 of the Lair of Beasts)

   [ring of protection from fire]

   It affects your intelligence (+4).
   It protects you from fire.
   It lets you turn invisible.
   It makes you more stealthy.
Wands
 q - a wand of acid (12)
 G - a wand of digging (6)
Scrolls
 f - 5 scrolls of identify
 g - 18 scrolls of remove curse
 h - 4 scrolls of magic mapping
 n - 5 scrolls of teleportation
 r - 4 scrolls of fear
 t - 6 scrolls of noise
 u - 6 scrolls of immolation
 P - a scroll of blinking
 Q - a scroll of acquirement
Potions
 d - 3 potions of might
 j - 2 potions of curing
 l - a potion of flight
 m - a potion of haste
 w - 4 potions of stabbing
 C - 2 potions of invisibility
 K - 5 potions of berserk rage
 X - a potion of resistance


   Skills:
 + Level 19.1 Fighting
 + Level 19.4 Long Blades
   Level 2.7 Axes
 + Level 15.1 Armour
 + Level 9.5 Dodging
 + Level 7.4 Stealth
 + Level 19.5 Shields
 + Level 2.6 Invocations
 + Level 0.7 Evocations


You had 17 spell levels left.
You didn't know any spells.
Your spell library contained the following spells:

 Spells                   Type           Power        Failure   Level
 Animate Skeleton         Necr           #.....       78%         1
 Apportation              Tloc           #.....       78%         1
 Corona                   Hex            #......      78%         1
 Magic Dart               Conj           #...         78%         1
 Pain                     Necr           #...         78%         1
 Sting                    Tmut/Pois      #...         78%         1
 Summon Small Mammal      Summ           #...         78%         1
 Blink                    Tloc           N/A          89%         2
 Call Imp                 Summ           #.......     89%         2
 Ensorcelled Hibernation  Hex/Ice        #.....       89%         2
 Poisonous Vapours        Pois/Air       #.....       89%         2
 Slow                     Hex            #.......     89%         2
 Confusing Touch          Hex            #.......     98%         3
 Conjure Flame            Conj/Fire      #.......     98%         3
 Dazzling Flash           Conj/Hex       #.....       98%         3
 Gell's Gravitas          Tloc           #.........   98%         3
 Inner Flame              Hex/Fire       #.......     98%         3
 Lesser Beckoning         Tloc           #.........   98%         3
 Mephitic Cloud           Conj/Pois/Air  #.......     98%         3
 Portal Projectile        Hex/Tloc       #.....       98%         3
 Static Discharge         Conj/Air       #.......     98%         3
 Summon Guardian Golem    Hex/Summ       #.......     98%         3
 Tukima's Dance           Hex            #.......     98%         3
 Vampiric Draining        Necr           #.........   98%         3
 Animate Dead             Necr           #.........   100%        4
 Cause Fear               Hex            #.........   100%        4
 Ice Form                 Ice/Tmut       #.......     100%        4
 Iskenderun's Mystic Bla  Conj/Tloc      #.......     100%        4
 Leda's Liquefaction      Hex/Erth       #.........   100%        4
 Petrify                  Tmut/Erth      #.......     100%        4
 Summon Ice Beast         Ice/Summ       #.......     100%        4
 Agony                    Necr           #.......     100%        5
 Alistair's Intoxication  Tmut/Pois      #........    100%        5
 Borgnjor's Vile Clutch   Necr/Erth      #.........   100%        5
 Irradiate                Conj/Tmut      #.........   100%        5
 Metabolic Englaciation   Hex/Ice        #.........   100%        5
 Summon Demon             Summ           #.........   100%        5
 Summon Forest            Summ/Tloc      #.........   100%        5
 Summon Mana Viper        Hex/Summ       #.......     100%        5
 Yara's Violent Unravell  Hex/Tmut       #.........   100%        5
 Death Channel            Necr           #.........   100%        6
 Freezing Cloud           Conj/Ice/Air   #.........   100%        6
 Hydra Form               Tmut           #.........   100%        6
 Invisibility             Hex            #.......     100%        6
 Ozocubu's Refrigeration  Ice            #.........   100%        6
 Shadow Creatures         Summ           N/A          100%        6
 Simulacrum               Ice/Necr       #.........   100%        6
 Statue Form              Tmut/Erth      #........    100%        6
 Dragon Form              Tmut           #.........   100%        7
 Malign Gateway           Summ/Tloc      #.........   100%        7
 Monstrous Menagerie      Summ           #.........   100%        7
 Summon Greater Demon     Summ           #.........   100%        7
 Summon Hydra             Summ           #.........   100%        7
 Summon Horrible Things   Summ           #.........   100%        8


Dungeon Overview and Level Annotations

Branches:
Dungeon (13/15)            Temple (0/1) D:5            Lair (6/6) D:10
  Swamp (3/4) Lair:2        Snake (0/4) Lair:3        Slime (0/5) Lair:5
    Orc (2/2) D:12            Elf (3/3) Orc:2        Vaults (0/5) D:13

Altars:
Cheibriados
Dithmenos
Fedhas
Gozag
Hepliaklqana
Makhleb
Okawaru
Qazlal
Sif Muna
Trog
Uskayaw
The Shining One
Beogh

Shops:
D:7 :   D:8 =   Orc:2 *}[[   Elf:1 [   Elf:2 ?:   Elf:3 !

Portals:
Trove: D:10 (give +2 ice dragon scales)

Annotations:
Orc:2 Casa
Elf:1 6 runed translucent doors
Elf:2 3 runed translucent doors


Innate Abilities, Weirdness & Mutations

You reflexively headbutt those who attack you in melee.
You have a pair of horns on your head.


Message History

You miss the deep elf high priest.
You headbutt the deep elf high priest, but do no damage.
The deep elf high priest is heavily wounded.
The deep elf high priest hits you but does no damage.
Unknown command.
Unknown command.
You slice the deep elf high priest like a ripe choko!!!
You kill the deep elf high priest!
Okawaru accepts your kill.
Unknown command.
Okay, then.
You feel better.
You feel like a meek peon again.
You don't have enough magic at the moment.
You closely miss the deep elf annihilator.
The deep elf annihilator is moderately wounded.
The deep elf annihilator casts a spell at you.
The crystal spear hits you!!!!
Ouch! That really hurt!
You die...

..# ####.#### #..e...............
### #.(.....###.###.............#
#.##.##.##.## ##[#.........##
#.##..#.##.# #)##.........# #
##.......#.## ##)...........
####...##.####.# #)#......)....
'........).....## ##....'.....)..
####...#..#####)###..............
# ##.##.## #.@)..###..#.......
####[# ###e### #####..(... #.#
#[### ###E...... # #.# #.#.##
#..Ee.'..# ## #.#
#....###EeeE.[..# .## #.#
#.....##Ee.eE)..# #.## #.#
##...##EEEEeE..## ##.#####.#
##.###..EeEE..## ##.......# #)#
#...E.....#


You could see a deep elf annihilator (empowered).

Vanquished Creatures
  Rupert (Lair:4)
  A deep elf blademaster (Elf:3)
  2 deep elf master archers (Elf:3)
  A thorn hunter (Swamp:3)
  6 deep elf sorcerers
  An orc warlord (Orc:1)
  5 deep elf elementalists (Elf:3)
  4 deep elf demonologists
  2 deep elf annihilators (Elf:3)
  Nessos (Orc:1)
  Azrael (D:13)
  The ghost of
  1994 the Cleaver, a journeyman HOGl of Uskayaw (Orc:1)
  An ettin (Orc:1)
  3 deep elf death magi
  A mummy priest (Elf:2)
  The ghost of Uxoog the Grappler, a journeyman VSWn of Ashenzari (Lair:5)
  4 ogre magi
  8 deep elf high priests
  2 fire dragons (Lair:6)
  A vault guard (D:13)
  Erolcha (Orc:2)
  A rakshasa (D:13)
  16 hydras
  A ghost crab (Swamp:2)
  A shambling mangrove (Swamp:1)
  20 two-headed ogres
  2 vampire magi (Elf:2)
  5 alligators
  6 death yaks (Lair:5)
  6 dancing weapons
  11 deep elf knights
  9 spriggans
  2 orc high priests (Elf:2)
  4 spriggan druids (Swamp:2)
  A large abomination (Elf:3)
  3 swamp dragons
  4 unseen horrors
  A wizard (D:13)
  12 deep elf archers
  6 oklob plants (Lair:5)
  49 deep elf magi
  3 lindwurms
  3 necromancers (D:13)
  6 orc knights
  2 orc sorcerers
  A manticore (D:11)
  Maurice (D:12)
  A moth of wrath (Orc:1)
  2 cyclopes (D:11)
  2 black mambas
  7 torpor snails (Lair:6)
  19 cane toads
  5 rime drakes
  Maggie (D:6)
  2 kobold demonologists (Elf:2)
  An efreet (D:13)
  19 komodo dragons
  A polar bear (Lair:5)
  5 trolls
  10 tyrant leeches
  3 bog bodies
  16 hornets
  14 blink frogs
  A meliai zombie (D:13)
  24 slime creatures
  11 dream sheep
  4 air elementals
  A wraith (D:11)
  3 water elementals
  101 yaks
  2 shadows (Swamp:2)
  3 wyverns
  2 basilisks (Lair:6)
  3 fire elementals (D:13)
  19 humans (D:13)
  6 vampire mosquitoes
  3 steam dragons (Lair:6)
  8 wargs
  An acid dragon (Lair:6)
  12 swamp worms
  A naga (Lair:3)
  Edmund (D:6)
  2 hell hounds (D:13)
  16 insubstantial wisps
  Duvessa (D:6)
  3 swamp drakes
  28 water moccasins
  A hornet zombie (D:11)
  A necrophage (D:12)
  25 orc warriors
  3 ice beasts
  A phantom (D:13)
  A sky beast (D:8)
  4 black bears (Lair:5)
  An eye of draining (D:11)
  2 boggarts (Elf:2)
  36 ogres
  36 wolves
  9 centaurs
  3 big kobolds
  16 bullfrogs
  6 earth elementals
  Dowan (D:6)
  7 scorpions
  3 killer bees (D:5)
  28 wights
  An electric eel (D:12)
  3 howler monkeys
  4 centaur zombies
  3 quasits
  A bullfrog zombie (D:5)
  4 centaur skeletons
  6 jellies
  24 orc priests
  A bullfrog skeleton (D:8)
  4 hounds
  A gnoll shaman (D:5)
  Ijyb (D:5)
  10 iguanas
  Terence (D:2)
  38 orc wizards
  8 worker ants
  2 hound zombies
  5 gnolls
  19 adders
  2 shadow imps
  5 white imps
  2 ufetubi
  3 oozes
  2 adder skeletons
  2 adder zombies
  4 worms
  4 dart slugs
  3 leopard geckos
  89 orcs
  2 ball pythons
  8 bats
  9 giant cockroaches
  12 goblins
  6 hobgoblins
  7 jackals
  6 quokkas
  8 frilled lizards
  A jackal skeleton (D:5)
  25 kobolds
  A leopard gecko zombie (D:9)
  A quokka skeleton (D:4)
  10 rats
  2 bushes (Lair:6)
  A butterfly (Lair:4)
  3 crawling corpses (Elf:1)
1126 creatures vanquished.

Vanquished Creatures (others)
  An alligator (Swamp:1)
  An orc high priest (Elf:1)
  A deep elf mage (Elf:1)
  A hornet (Swamp:1)
  An orc priest (Elf:1)
  3 orc wizards
  5 orcs
  2 bushes
  A crawling corpse (Elf:1)
  23 fungi
  206 plants
245 creatures vanquished.

Grand Total: 1371 creatures vanquished

Notes
Turn   | Place    | Note
-------+----------+-------------------------------------------
     0 | D:1      | Peloso the Minotaur Fighter began the quest for the Orb.
     0 | D:1      | Reached XP level 1. HP: 19/19 MP: 0/0
    66 | D:1      | Reached XP level 2. HP: 25/27 MP: 1/1
   486 | D:1      | Reached XP level 3. HP: 28/33 MP: 2/2
  1530 | D:2      | Found an opulent altar of Gozag.
  1534 | D:2      | Found a hazy altar of Hepliaklqana.
  1663 | D:2      | Reached XP level 4. HP: 32/40 MP: 3/3
  1917 | D:2      | Noticed Terence
  1924 | D:2      | Killed Terence
  2245 | D:2      | Reached skill level 1 in Dodging
  2245 | D:2      | Reached XP level 5. HP: 47/47 MP: 4/4
  2357 | D:2      | Reached skill level 5 in Shields
  3060 | D:4      | Reached XP level 6. HP: 40/53 MP: 5/5
  3339 | D:4      | Found an iron altar of Okawaru.
  3349 | D:4      | Became a worshipper of Warmaster Okawaru
  3709 | D:4      | Reached skill level 5 in Long Blades
  3709 | D:4      | Reached skill level 5 in Armour
  3825 | D:4      | Got a crude cloak
  3836 | D:4      | Identified the +2 cloak "Ofoibyle" {rN+ Str-2 Dex+2} (You
                  | found it on level 4 of the Dungeon)
  4069 | D:4      | Found an iron altar of Okawaru.
  4069 | D:4      | Found a hide-covered altar of Uskayaw.
  4075 | D:4      | Found a blossoming altar of Fedhas.
  4077 | D:4      | Found a bloodstained altar of Trog.
  4078 | D:4      | Found a glowing golden altar of the Shining One.
  4194 | D:5      | Entered Level 5 of the Dungeon
  4216 | D:5      | Reached skill level 5 in Fighting
  4261 | D:5      | Noticed an ice beast
  4266 | D:5      | Killed an ice beast
  4266 | D:5      | Reached XP level 7. HP: 61/61 MP: 6/6
  4291 | D:5      | Reached * piety under Okawaru
  5206 | D:5      | Reached XP level 8. HP: 49/70 MP: 7/7
  5331 | D:5      | Found a staircase to the Ecumenical Temple.
  5348 | D:5      | Reached skill level 1 in Stealth
  5592 | D:5      | Noticed Ijyb
  5609 | D:5      | Killed Ijyb
  5692 | D:5      | Reached ** piety under Okawaru
  6106 | D:5      | Found a snail-covered altar of Cheibriados.
  6109 | D:5      | Found a stormy altar of Qazlal.
  6112 | D:5      | Found a burning altar of Makhleb.
  6511 | D:6      | Noticed Edmund
  6521 | D:6      | Killed Edmund
  6668 | D:6      | Noticed Duvessa
  6668 | D:6      | Noticed Dowan
  6718 | D:6      | Killed Duvessa
  7072 | D:6      | Killed Dowan
  7143 | D:6      | Noticed Maggie
  7161 | D:6      | Killed Maggie
  7161 | D:6      | Reached *** piety under Okawaru
  7161 | D:6      | Reached XP level 9. HP: 48/78 MP: 6/8
  7473 | D:6      | Found a shadowy altar of Dithmenos.
  7759 | D:7      | Found Icaont Ciuch's Book Shoppe.
  8569 | D:8      | Found a bloodstained altar of Trog.
  8666 | D:8      | Reached **** piety under Okawaru
  9103 | D:8      | Noticed a troll
  9112 | D:8      | Killed a troll
  9402 | D:8      | Got a spiked hat
  9408 | D:8      | Identified the +4 hat "Debosm" {Dex+3} (You found it on
                  | level 8 of the Dungeon)
  9463 | D:8      | Found Marphouno's Jewellery Shoppe.
  9569 | D:8      | Reached XP level 10. HP: 88/88 MP: 9/9
  9803 | D:9      | Reached skill level 10 in Long Blades
  9940 | D:9      | Found a shimmering blue altar of Sif Muna.
 10327 | D:10     | Entered Level 10 of the Dungeon
 10602 | D:10     | Reached skill level 10 in Shields
 10607 | D:10     | Reached ***** piety under Okawaru
 10654 | D:10     | Received a gift from Okawaru
 10795 | D:10     | Found a portal to a secret trove of treasure.
 11121 | D:10     | Reached XP level 11. HP: 87/97 MP: 10/10
 11223 | D:10     | Found a staircase to the Lair.
 11725 | D:11     | Killed an unseen horror
 11725 | D:11     | Received a gift from Okawaru
 11839 | D:11     | Killed an unseen horror
 11924 | D:11     | Reached ****** piety under Okawaru
 12067 | D:11     | Noticed a two-headed ogre
 12085 | D:11     | Killed a two-headed ogre
 12135 | D:11     | Killed an unseen horror
 12135 | D:11     | Reached skill level 10 in Armour
 12920 | D:11     | Noticed a two-headed ogre
 12930 | D:11     | Killed a two-headed ogre
 13514 | D:12     | Reached skill level 10 in Fighting
 13585 | D:12     | Found a staircase to the Orcish Mines.
 13588 | D:12     | Noticed a two-headed ogre
 13600 | D:12     | Killed a two-headed ogre
 13856 | D:12     | Reached XP level 12. HP: 67/106 MP: 11/11
 14119 | D:12     | Noticed Maurice
 14128 | D:12     | Killed Maurice
 14372 | Lair:1   | Entered Level 1 of the Lair of Beasts
 14421 | Lair:1   | Received a gift from Okawaru
 14942 | Lair:1   | Noticed a seven-headed hydra
 14952 | Lair:1   | Killed a two-headed hydra
 15085 | Lair:1   | Reached skill level 1 in Axes
 15181 | Lair:1   | Reached skill level 1 in Invocations
 15716 | Lair:1   | Received a gift from Okawaru
 15838 | Lair:2   | Found a staircase to the Swamp.
 16055 | Lair:2   | Reached XP level 13. HP: 112/116 MP: 12/12
 16056 | Lair:2   | Reached skill level 5 in Dodging
 16355 | Lair:2   | Reached skill level 15 in Long Blades
 16890 | Lair:3   | Found a blossoming altar of Fedhas.
 17512 | Lair:3   | Found a staircase to the Snake Pit.
 18729 | Orc:1    | Entered Level 1 of the Orcish Mines
 19207 | Orc:1    | Identified the cursed +9 giant spiked club "Cacviled"
                  | {vamp, Int+2 Dex+2}
 19207 | Orc:1    | Identified the cursed +5 giant club "Ruahareg" {freeze,
                  | Str+4 Int+6 Dex+4}
 19207 | Orc:1    | Noticed an ettin
 19397 | Orc:1    | Noticed 1994's ghost (journeyman HOGl)
 19398 | Orc:1    | Found a bloodstained altar of Trog.
 19413 | Orc:1    | Found a transporter.
 19416 | Orc:1    | Found a transporter.
 19430 | Orc:1    | Received a gift from Okawaru
 19592 | Orc:1    | Identified the cursed +1 broad axe of Dim Light {speed, rF+
                  | MR+ Int+3}
 19881 | Orc:1    | Found a shimmering blue altar of Sif Muna.
 19968 | Orc:1    | Identified Sif Muna's Collected Works on Venom
 20049 | Orc:1    | You fall into a shaft and drop 1 floor!
 20049 | Orc:2    | Entered Level 2 of the Orcish Mines
 20056 | Orc:2    | Noticed Nessos
 20282 | Orc:1    | Killed Nessos
 20807 | Orc:2    | Noticed an orc warlord
 20943 | Orc:1    | Received a gift from Okawaru
 20947 | Orc:1    | Reached XP level 14. HP: 62/126 MP: 12/14
 21195 | Orc:1    | Killed an orc warlord
 21195 | Orc:1    | Received a gift from Okawaru
 22033 | Orc:2    | Noticed Erolcha
 22050 | Orc:2    | Killed Erolcha
 22154 | Orc:2    | Received a gift from Okawaru
 22194 | Orc:2    | Found Tuehett's Gadget Shop.
 22209 | Orc:2    | Reached skill level 15 in Shields
 22219 | Orc:2    | Found Tiose's General Store.
 22468 | Orc:2    | Found a roughly hewn altar of Beogh.
 22778 | Orc:2    | Found Nubo Ral's Armour Shop.
 22778 | Orc:2    | Found Gimni's Armour Shoppe.
 22794 | Orc:2    | Found a staircase to the Elven Halls.
 22834 | Orc:2    | Found a roughly hewn altar of Beogh.
 23127 | Orc:1    | HP: 3/129 [ettin/the cursed +9 giant spiked club "Cacviled"
                  | {vamp, Int+2 Dex+2} (34)]
 24023 | Orc:1    | Killed 1994's ghost
 24023 | Orc:1    | Received a gift from Okawaru
 24076 | Orc:1    | Identified a +0 pair of boots of running (Okawaru gifted it
                  | to you on level 1 of the Orcish Mines)
 24617 | D:13     | Noticed Azrael
 24628 | D:13     | Killed Azrael
 25023 | D:13     | Reached skill level 5 in Stealth
 25074 | D:13     | Reached XP level 15. HP: 136/139 MP: 15/15
 25105 | D:13     | Found a gate to the Vaults.
 25633 | Lair:5   | Reached skill level 15 in Fighting
 25639 | Lair:5   | Found a runed translucent gate.
 25677 | Lair:5   | Noticed Rupert
 25834 | Lair:4   | Received a gift from Okawaru
 26029 | Lair:4   | Killed Rupert
 26127 | Lair:5   | Found a runed translucent gate.
 26522 | Lair:5   | Found a staircase to the Slime Pits.
 26769 | Lair:5   | Found a runed translucent gate.
 26770 | Lair:5   | Noticed Uxoog's ghost (journeyman VSWn)
 26803 | Lair:5   | Killed Uxoog's ghost
 26824 | Lair:5   | Got a sparkling lead ring
 26826 | Lair:5   | Identified the ring of the Invisible Hand {+Inv rF+ Int+4
                  | Stlth+} (You found it on level 5 of the Lair of Beasts)
 27387 | Lair:5   | Received a gift from Okawaru
 27449 | Lair:6   | Entered Level 6 of the Lair of Beasts
 27873 | Lair:6   | Found a shimmering blue altar of Sif Muna.
 28040 | Lair:6   | Found a runed translucent door.
 28377 | Lair:6   | Paralysed by a hornet for 1 turns
 28388 | Lair:6   | Paralysed by a hornet for 2 turns
 28392 | Lair:6   | Reached XP level 16. HP: 107/155 MP: 16/16
 28796 | Lair:6   | Received a gift from Okawaru
 29763 | Lair:6   | Found the +2 hat of the Bear Spirit {Spirit, +Rage rN+
                  | MR++}
 30539 | Swamp:1  | Entered Level 1 of the Swamp
 32523 | Swamp:2  | Found a shimmering blue altar of Sif Muna.
 33197 | Swamp:2  | Received a gift from Okawaru
 34276 | Swamp:3  | Noticed a thorn hunter
 34294 | Swamp:3  | Killed a thorn hunter
 35046 | Elf:1    | Entered Level 1 of the Elven Halls
 35555 | Elf:1    | Reached XP level 17. HP: 143/163 MP: 17/17
 36427 | Elf:1    | Found Asitag's Antique Armour Shoppe.
 36665 | Elf:1    | Received a gift from Okawaru
 37033 | Elf:1    | Found a runed translucent gate.
 37033 | Elf:1    | Found a runed translucent gate.
 37033 | Elf:1    | Found a runed translucent gate.
 37033 | Elf:1    | Found a runed translucent gate.
 37033 | Elf:1    | Found a runed translucent gate.
 37036 | Elf:1    | Found a runed translucent gate.
 37538 | Elf:2    | Identified the +0 scale mail "Rof Nyip" {Rampage +Inv rCorr
                  | Dex-4} (You found it on level 2 of the Elven Halls)
 37558 | Elf:2    | Found a shimmering blue altar of Sif Muna.
 37654 | Elf:2    | Identified a scroll of acquirement
 37681 | Elf:2    | Got a shimmering diamond amulet
 38025 | Elf:2    | Found Muehis's Magic Scroll Shoppe.
 38033 | Elf:2    | Bought a scroll of holy word for 135 gold pieces
 38161 | Elf:2    | Found a runed translucent gate.
 38161 | Elf:2    | Found a runed translucent gate.
 38161 | Elf:2    | Found a runed translucent gate.
 38202 | Elf:2    | Found Tinig's Book Boutique.
 38216 | Elf:2    | Received a gift from Okawaru
 38408 | Elf:3    | Entered Level 3 of the Elven Halls
 38626 | Elf:3    | Identified the amulet of Duzaoreb {RegenMP Fragile +Blink
                  | rF+ Str+2} (You found it on level 2 of the Elven Halls)
 39079 | Elf:3    | Identified the Papyrus of Creative Confrontation
 39130 | Elf:3    | Found Hinis's Distillery.
 39150 | Elf:3    | Bought a potion of haste for 110 gold pieces
 39150 | Elf:3    | Bought a potion of berserk rage for 55 gold pieces
 39150 | Elf:3    | Bought a potion of berserk rage for 55 gold pieces
 39490 | Elf:3    | Noticed a Brimstone Fiend
 39492 | Elf:3    | Noticed a deep elf master archer
 39495 | Elf:3    | Noticed a deep elf master archer
 39946 | Elf:3    | Received a gift from Okawaru
 40083 | Elf:3    | Noticed a deep elf blademaster
 40084 | Elf:3    | Identified the ring "Pocloump" {*Corrode +Blink MR+ Int+6
                  | Dex+4}
 40095 | Elf:3    | Killed a deep elf blademaster
 40105 | Elf:3    | Noticed an Ice Fiend
 40109 | Elf:3    | Noticed a Tzitzimitl
 40515 | Elf:3    | Noticed a deep elf master archer
 40516 | Elf:3    | Identified the cursed +1 lajatang of Departure {antimagic,
                  | rF+ MR+++ Str+2}
 40909 | Elf:3    | Killed a deep elf master archer
 40979 | Elf:3    | Noticed a deep elf master archer
 41000 | Elf:3    | Reached XP level 18. HP: 174/174 MP: 18/18
 41006 | Elf:3    | Reached skill level 15 in Armour
 41578 | Elf:3    | Killed from afar by a deep elf annihilator

Illustrated notes

Levels and vault maps discovered:
D:1:      dpeg_arrival_court, layout_basic, minmay_domino_4
D:2:      layout_basic, minitemple, uniq_terence
D:3:      layout_basic, minmay_fractal_squares_5
D:4:      corexii_shack_village, layout_cave_pods,
          chequers_temple_overflow_minitemple, okawaru_gym_becter
D:5:      layout_gridville, grunt_temple_overflow_diamond,
          minmay_temple_entry_ruins, uniq_ijyb
D:6:      layout_cave_pools, kennysheep_mini, minmay_liquid_box, uniq_edmund,
          uniq_maggie, uniq_duvessa
D:7:      layout_loops_corners, serial_shops, shop
D:8:      minmay_blocky_corners, layout_rooms, serial_shops,
          nicolae_shop_waterfront, basic_altar
D:9:      layout_loops_ring, nicolae_overflow_hidden_temple, serial_park_tiny_2
D:10:     layout_basic, lair_entry_dummy, trove_entry_hex_spiral
D:11:     layout_stronghold
D:12:     layout_rooms, orc_0_dummy, fungi_pond_lemuel, uniq_maurice
D:13:     layout_loops_ring, grunt_vaults_entry_tiered, uniq_azrael
Lair:1:   layout_regular_city, grunt_megastairs_1, lemuel_fruit_fields
Lair:2:   layout_roguey, minmay_swamp_entry_swarm, serial_bayou_shore_a,
          serial_bayou_shore_b, serial_bayou_shore_b
Lair:3:   layout_concentric_octagons, guppyfry_snake_entry_island, basic_altar,
          minivault_25, patterned_corridor
Lair:4:   layout_roguey, chequers_serial_rivers_micro_e,
          infiniplex_staircase_pool_2, serial_bayou_shore_b, lemuel_fruit_fields
Lair:5:   cheibrodos_lair_overgrown_chateau, layout_big_grid,
          minmay_slime_entry_oklob_enclosed, gammafunk_ghost_hydra_chop,
          uniq_rupert
Lair:6:   wormcave, layout_small_grid, guppyfry_lair_end_dragon, serial_forest,
          infiniplex_forest_clump_curved, infiniplex_forest_lined_3,
          infiniplex_forest_straight_4, infiniplex_forest_clump_double,
          infiniplex_forest_clump_double, infiniplex_forest_clump_small,
          infiniplex_forest_clump_long, infiniplex_forest_straight_3,
          infiniplex_forest_clump_C, lemuel_centaur_altar
Swamp:1:  layout_basic_swamp, nicolae_swamp_treefoil
Swamp:2:  layout_basic_swamp, evilmike_swamp_ruin_rubble_2,
          nicolae_swamp_godswood, infiniplex_staircase_pool
Swamp:3:  layout_falls_marsh, evilmike_swamp_ruin_house_5
Orc:1:    layout_caves, gammafunk_ghost_wrathful_warriors, led_sif_book
Orc:2:    st_orc_ogre_mass, layout_caves, basic_altar, mines1_david,
          uniq_nessos, uniq_erolcha
Elf:1:    minmay_elf_arrival_plus, layout_onion_city, serial_shops, shop,
          orc_legates, nicolae_elf_big_sculpture_2
Elf:2:    layout_onion_city, serial_shops, shop, shop, st_stairs_6,
          hangedman_summoners_spam, lemuel_elevator
Elf:3:    minmay_elf_hall_hex, layout_loops_corners, serial_shops,
          nicolae_shop_competitors_out_of_business, minmay_elf_sorcery

Skill      XL: |  1  2  3  4  5  6  7  8  9 10 11 12 13 14 15 16 17 18 |
---------------+-------------------------------------------------------+-----
Long Blades    | 3 4 5 6 8 9 11 13 14 16 17 18 19 | 19.4
Fighting       | 4 5 6 7 9 10 11 12 14 17 18 19 | 19.1
Shields        | 4 5 6 7 9 11 12 13 14 15 17 18 19 | 19.5
Armour         | 4 5 6 7 8 9 10 11 12 13 14 15 | 15.1
Dodging        | 1 2 3 4 5 6 8 9 |  9.5
Stealth        | 1 2 3 4 5 7 |  7.4
Axes           | 2 |  2.7
Invocations    | 1 2 |  2.6
Evocations     | |  0.7

Action                   |  1- 3 |  4- 6 |  7- 9 | 10-12 | 13-15 | 16-18 || total
-------------------------+-------+-------+-------+-------+-------+-------++-------
Melee: Long sword        |    88 |   192 |   356 |   313 |       |       ||   949
       Headbutt          |    11 |    43 |    96 |   191 |   360 |   271 ||   972
       Scimitar          |       |       |    62 |   153 |    49 |    26 ||   290
       Double sword      |       |       |       |   156 |  1153 |  1013 ||  2322
       Hand axe          |       |       |       |     5 |    11 |       ||    16
Invok: Heroism           |       |       |     4 |     1 |    17 |     8 ||    30
       Finesse           |       |       |       |     1 |     1 |       ||     2
Evoke: Wand              |       |       |       |     1 |     1 |     9 ||    11
  Use: Potion            |     2 |       |     1 |       |     1 |    13 ||    17
       Scroll            |       |     7 |       |     7 |    13 |    24 ||    51
 Stab: Sleeping          |       |       |       |    11 |    18 |    23 ||    52
       Paralysed         |       |       |       |     4 |     1 |       ||     5
       Distracted        |       |       |       |       |     1 |     2 ||     3
Armor: Scale mail        |    29 |       |       |       |       |       ||    29
       Chain mail        |     5 |    86 |    31 |       |       |       ||   122
       Plate armour      |       |       |   223 |    80 |       |       ||   303
       Shadow dragon sca |       |       |       |   199 |   482 |   129 ||   810
       Swamp dragon scal |       |       |       |       |       |   190 ||   190
Dodge: Dodged            |    20 |    53 |   131 |   148 |   621 |   367 ||  1340
Block: Kite shield       |    47 |   121 |   297 |   376 |   986 |   631 ||  2458
       Rpst.: Long sword |     3 |    17 |    22 |    15 |       |       ||    57
       Scimitar          |       |       |     4 |     9 |       |     9 ||    22
       Double sword      |       |       |       |    25 |   146 |    74 ||   245

Table legend: (Time is in decaauts)
 A = Elapsed time spent in this place.
 B = Non-inter-level travel time spent in this place.
 C = Inter-level travel time spent in this place.
 D = Time resting spent in this place.
 E = Time spent auto-exploring this place.
 F = Levels seen in this place.
 G = Mean time per level.
                   A        B        C        D        E       F      G
               +--------+--------+--------+--------+--------+-----+--------+
         Total |  40390 |  38657 |   1733 |   7294 |  22299 |  27 | 1495.9 |
       Dungeon |  16148 |  15475 |    673 |   1131 |  11063 |  13 | 1242.2 |
          Lair |   8889 |   8276 |    613 |    968 |   5313 |   6 | 1481.5 |
         Swamp |   3934 |   3811 |    123 |    267 |   2829 |   3 | 1311.3 |
  Orcish Mines |   5806 |   5686 |    120 |   3304 |    939 |   2 | 2903.0 |
   Elven Halls |   5611 |   5409 |    202 |   1624 |   2154 |   3 | 1870.3 |
               +--------+--------+--------+--------+--------+-----+--------+

Top non-repeatable levels by time:
   Orc:1: 3973 daAuts
     D:5: 2390 daAuts
   Elf:1: 2153 daAuts
   Elf:3: 2006 daAuts
  Lair:6: 1997 daAuts
    D:11: 1908 daAuts
   Orc:2: 1832 daAuts
  Lair:5: 1622 daAuts
  Lair:1: 1527 daAuts
  Lair:2: 1500 daAuts
   Elf:2: 1451 daAuts
     D:4: 1440 daAuts
    D:10: 1430 daAuts
 Swamp:2: 1397 daAuts
 Swamp:1: 1333 daAuts
